 Dungeon Crawl Stone Soup version 0.29.1-12-g30fa7ad0bf (webtiles) character file.

Game seed: 10491518180871622235

142 FexLirch the Digger (level 5, 0/38 HPs)
             Began as a Ghoul Earth Elementalist on Dec 26, 2022.
             Killed from afar by an orc wizard (10 damage)
             ... with a magic dart
             ... on level 3 of the Dungeon.
             The game lasted 00:03:59 (2942 turns).

FexLirch the Digger (Ghoul Earth Elementalist)      Turns: 2942, Time: 00:03:59

Health: 0/38       AC:  2    Str: 12    XL:     5   Next: 25%
Magic:  7/8        EV: 12    Int: 12    God:
Gold:   122        SH:  0    Dex:  9    Spells: 5/9 levels left

rFire   . . .      SeeInvis .   f - +2 spear (venom)
rCold   + + +      Faith    .   (no shield)
rNeg    + + +      Spirit   .   a - +0 robe
rPois   ∞          Reflect  .   (no helmet)
rElec   .          Harm     .   (no cloak)
rCorr   .          Rampage  .   (no gloves)
Will    .....                   (no boots)
Stlth   ++........              (no amulet)
HPRegen 0.00/turn               g - ring of protection from cold
MPRegen 0.11/turn               h - ring of protection from cold

@: inhibited regen
A: claws 1, cold resistance 1, negative energy resistance 3, inhibited
regeneration, torment resistance 2, devour on kill
a: no special abilities


You were on level 3 of the Dungeon.
You visited 1 branch of the dungeon, and saw 3 of its levels.

You collected 122 gold pieces.

Inventory:

Hand Weapons
 f - a +2 spear of venom (weapon)
Missiles
 o - 6 atropa-tipped darts
Armour
 a - a +0 robe (worn)
Jewellery
 g - a ring of protection from cold (left claw)
 h - a ring of protection from cold (right claw)
 m - an amulet of faith
Wands
 p - a wand of roots (5)
Scrolls
 c - 2 scrolls of silence {unknown}
 d - 4 scrolls of identify {unknown}
 e - a scroll of immolation {unknown}
 k - a scroll of teleportation {unknown}
Potions
 b - a potion of magic
 i - a potion of resistance {unknown}
 j - a potion of heal wounds {unknown}
 l - a potion of invisibility {unknown}
 n - a potion of lignification {unknown}


   Skills:
 - Level 1.7 Dodging
 - Level 2.1 Stealth
 + Level 2.9 Spellcasting
 + Level 1.1 Conjurations
 - Level 0.8 Transmutations
 + Level 5.1 Earth Magic


You had 5 spell levels left.
You knew the following spells:

 Your Spells              Type           Power      Damage    Failure   Level
a - Sandblast             Erth           28%        2d8       3%          1
b - Stone Arrow           Conj/Erth      18%        3d8       21%         3

Your spell library contained the following spells:

 Spells                   Type           Power      Damage    Failure   Level
 Passwall                 Tmut/Erth      6%         N/A       11%         2
 Necrotise                Necr           4%         1d4       26%         1
 Ignite Poison            Fire/Tmut/Pois 2%         N/A       54%         3
 Mephitic Cloud           Conj/Pois/Air  2%         N/A       54%         3
 Gell's Gravitas          Tloc           1%         N/A       58%         3
 Teleport Other           Tloc           1%         N/A       58%         3
 Vampiric Draining        Necr           1%         2d6       58%         3
 Petrify                  Tmut/Erth      8%         N/A       58%         4
 Animate Armour           Summ/Erth      14%        N/A       65%         4
 Freezing Cloud           Conj/Ice/Air   1%         6-21      99%         5
 Agony                    Necr           1%         N/A       100%        5
 Dispersal                Tloc           0%         N/A       100%        6
 Lehudib's Crystal Spear  Conj/Erth      4%         10d3      100%        8


Dungeon Overview and Level Annotations

Branches:
Dungeon (3/15)

Altars:


Innate Abilities, Weirdness & Mutations

You are immune to poison.
You have sharp fingernails.
Your flesh is cold resistant. (rC+)
You are immune to negative energy. (rN+++)
You do not regenerate when monsters are visible.
You are immune to unholy pain and torment.
You thrive by killing the living.


Message History

You barely miss the orc wizard.
The orc wizard is almost dead.
You kill the orc wizard!
You feel better.
Your Conjurations skill increases to level 1!
Items here: $ ) [ †.
You start resting.
Magic restored.
You start resting.
HP restored.
Unknown command.
Unknown command.
An orc wizard is nearby!
The orc wizard shouts!
You hear a shout!
The orc wizard gestures at you while chanting.
The puff of flame hits you.
The blast of sand hits the orc wizard.
The orc wizard is lightly wounded.
The orc wizard closely misses you.
You barely miss the orc wizard.
The orc wizard is lightly wounded.
The orc wizard casts a spell at you. The magic dart hits you!
The orc wizard hits you with a +0 dagger of speed.
You hit the orc wizard.
The orc wizard is poisoned.
The orc wizard is moderately wounded.
The orc wizard points at you and mumbles some strange words.
The magic dart hits you!
The orc wizard hits you with a +0 dagger of speed.
You are too injured to fight recklessly!
The orc wizard attacks as you move away!
The orc wizard hits you with a +0 dagger of speed.
The orc wizard attacks as you move away!
The orc wizard barely misses you.
The orc wizard attacks as you move away!
The orc wizard hits you with a +0 dagger of speed.
* * * LOW HITPOINT WARNING * * *
The orc wizard points at you and mumbles some strange words.
The magic dart hits you!
You die...

####################.......
...........................
...............o...........
...........................
.......÷)............[...).
.###########.###.##.####....###
........####.o.# #. ##...#
.............#.# #...#
........####.#@###### #...#
........# #.#.#....# #...#
........# #.#..§##.# #.))#
........# #.######.# #...#
........# #....)...# #...#
........#################...#
............... ........####
........######## #######.#
...............# #.#


You could see an orc wizard (very poisoned).

Vanquished Creatures
  A hound (D:3)
  An orc wizard (D:3)
  An adder (D:2)
  3 worms
  3 dart slugs
  3 orcs (D:3)
  5 bats
  5 endoplasms
  2 giant cockroaches (D:1)
  A goblin (D:1)
  5 hobgoblins
  11 jackals
  A quokka (D:2)
  3 ball pythons
  8 kobolds
  5 rats
58 creatures vanquished.

Notes
Turn   | Place    | Note
-------+----------+-------------------------------------------
     0 | D:1      | FexLirch the Ghoul Earth Elementalist began the quest for
                  | the Orb.
     0 | D:1      | Reached XP level 1. HP: 14/14 MP: 2/2
   310 | D:1      | Reached XP level 2. HP: 20/20 MP: 0/3
   409 | D:1      | Reached skill level 4 in Earth Magic
   892 | D:1      | Reached XP level 3. HP: 9/26 MP: 2/5
   893 | D:1      | Found a faded altar of an unknown god.
   898 | D:1      | Learned a level 3 spell: Stone Arrow
  1937 | D:2      | Reached XP level 4. HP: 31/33 MP: 3/6
  2386 | D:3      | Reached skill level 5 in Earth Magic
  2594 | D:3      | Reached XP level 5. HP: 28/38 MP: 8/8
  2813 | D:3      | Reached skill level 1 in Conjurations
  2942 | D:3      | Killed from afar by an orc wizard

Illustrated notes

Levels and vault maps discovered:
D:1:      matt_arrival_diagonals, layout_loops_ring,
          shapermc_ecumenical_altar_flowoftime, kennysheep_nondescript,
          roderic_serpentine_path
D:2:      layout_loops_cross
D:3:      layout_basic, minmay_fractal_squares_gapless_5, uniq_terence

Skill      XL: |  1  2  3  4  5 |
---------------+----------------+-----
Earth Magic    | 4 5 |  5.1
Spellcasting   | 2 |  2.9
Conjurations   | 1 |  1.1
Dodging        | |  1.7
Stealth        | |  2.1
Transmutations | |  0.8

Action                   |  1- 3 |  4- 6 || total
-------------------------+-------+-------++-------
Melee: Unarmed           |    19 |       ||    19
       Punch             |     1 |       ||     1
       Spear             |    32 |    28 ||    60
 Cast: Sandblast         |    36 |    30 ||    66
 Stab: Sleeping          |     2 |       ||     2
Armor: Robe              |    13 |     8 ||    21
Dodge: Dodged            |    36 |    27 ||    63
